 Dungeon Crawl Stone Soup version bcrawl-1.21.3 (webtiles) character file.

Game seed: 16880180569483387688

18660 funkygono the Thaumaturge (level 12, -2/70 HPs)
             Began as a Fairy Conjurer on Mar 28, 2020.
             Was an Elder of Sif Muna.
             Slain by Fannar
             ... wielding a +0 quarterstaff of freezing
              (7 damage)
             ... on level 3 of the Lair of Beasts on Mar 29, 2020.
             The game lasted 00:56:14 (12261 turns).

funkygono the Thaumaturge (Fairy Conjurer)         Turns: 12261, Time: 00:56:14

Health: -2/70      AC: 18    Str: 16    XL:     12   Next: 60%
Magic:  20/32      EV: 21    Int: 21    God:    Sif Muna [****..]
Gold:   822        SH: 13    Dex: 12    Spells: 18/39 levels left

rFire    . . .     SeeInvis +   f - +4 dagger
rCold    . . .     Gourm    .   (shield restricted)
rNeg     . . .     Faith    .   (armour unavailable)
rPois    +         Spirit   .   D - +2 hat
rElec    +         Reflect  +   B - +5 cloak of the Oligarchy {rPois SInv}
rCorr    .         Harm     .   (no gloves)
MR       +....                  t - +2 pair of boots
Stlth    ..........             j - +6 amulet of reflection
HPRegen  0.21/turn              d - ring of insulation
MPRegen  0.23/turn              a - ring "Dex Hyiv" {*Drain Str+8 Int-2 SInv Stlth-}

@: flying evasively
A: small, magic attunement, unstealthy, unfitting armour, able to fly, AC/SH +7
a: Stop Flying, Divine Energy, Channel Magic, Forget Spell, Renounce Religion


You were on level 3 of the Lair of Beasts.
You worshipped Sif Muna.
Sif Muna was greatly pleased with you.
You were not hungry.

You visited 3 branches of the dungeon, and saw 13 of its levels.
You also visited: Ossuary and Gauntlet.

You collected 822 gold pieces.

Inventory:

Hand Weapons
 f - a +4 dagger (weapon)
Missiles
 k - 2688 stones (quivered)
Armour
 t - a +2 pair of boots (worn)
 B - the +5 cloak of the Oligarchy (worn) {rPois SInv}
   (You found it on level 6 of the Dungeon)

   It protects you from poison.
   It lets you see invisible.
 D - a +2 hat (worn)
Jewellery
 a - the ring "Dex Hyiv" (right hand) {*Drain Str+8 Int-2 SInv Stlth-}
   (You found it on level 2 of the Lair of Beasts)

   [ring of attention]

   It affects your strength (+8).
   It affects your intelligence (-2).
   It lets you see invisible.
   It causes draining when unequipped.
   It makes you less stealthy.
 d - a ring of insulation (left hand)
 j - a +6 amulet of reflection (around neck)
 p - an uncursed amulet of magic regeneration
 z - an uncursed ring of stealth
 H - an uncursed ring of fire
Wands
 g - a wand of flame (12)
Scrolls
 n - 2 scrolls of fear
 w - 5 scrolls of remove curse
 A - 2 scrolls of blinking
 C - 3 scrolls of amnesia
 G - 2 scrolls of teleportation
 I - 2 scrolls of magic mapping
 K - 3 scrolls of fog
 U - 2 scrolls of enchant armour
Potions
 b - 2 potions of magic
 c - 3 potions of cancellation
 h - 4 potions of brilliance
 m - a potion of heal wounds
 o - 2 potions of agility {unknown}
 q - a potion of mutation
 r - 3 potions of lignification
 s - 2 potions of curing
 u - 5 potions of flight
 v - 2 potions of ambrosia {unknown}
 E - a potion of might {unknown}
 J - 2 potions of haste {unknown}
 M - a potion of invisibility {unknown}
Comestibles
 e - 20 rations {!d}
 i - 16 chunks of flesh


   Skills:
 + Level 2.1 Fighting
 + Level 2.0 Short Blades
 + Level 9.1 Dodging
 + Level 4.1 Stealth
 + Level 14.4 Spellcasting
 + Level 14.1 Conjurations
 + Level 4.3 Fire Magic
 + Level 3.3 Ice Magic
 + Level 5.0 Earth Magic
 + Level 3.7 Poison Magic


You had 18 spell levels left.
You knew the following spells:

 Your Spells              Type           Power        Failure   Level  Hunger
a - Magic Dart            Conj           ####         0%          1    None
b - Searing Ray           Conj           ######..     1%          2    None
c - Iskenderun's Mystic   Conj           ######..     1%          3    None
d - Sandblast             Erth           #####.       1%          1    None
e - Sting                 Conj/Pois      ####         1%          1    None
f - Throw Frost           Conj/Ice       ######       1%          2    None
g - Venom Bolt            Conj/Pois      ######....   3%          5    None
h - Bolt of Fire          Conj/Fire      ######....   14%         6    None

Your spell library contained the following spells:

 Spells                   Type           Power        Failure   Level  Hunger
 Conjure Flame            Conj/Fire      ######..     1%          3    None
 Mephitic Cloud           Conj/Pois/Air  #####...     1%          3    None
 Sticky Flame             Conj/Fire      ######..     1%          4    None
 Throw Icicle             Conj/Ice       ######..     1%          4    None
 Fulminant Prism          Conj/Hex       #####.....   2%          4    None
 Poisonous Vapours        Pois/Air       ###...       3%          2    None
 Apportation              Tloc           ###...       4%          1    None
 Infusion                 Chrm           ###.....     4%          1    None
 Slow                     Hex            ###.....     4%          1    None
 Summon Butterflies       Summ           ###.....     4%          1    None
 Ignite Poison            Fire/Tmut/Pois ####....     4%          3    None
 Blink                    Tloc           N/A          6%          2    None
 Call Imp                 Summ           ###...       6%          2    None
 Ozocubu's Armour         Chrm/Ice       ###.....     6%          3    None
 Spider Form              Tmut/Pois      ###          6%          3    None
 Irradiate                Conj/Tmut      #####.....   6%          5    None
 Iskenderun's Battlesphe  Conj/Chrm      #####...     6%          5    None
 Olgreb's Toxic Radiance  Pois           ####....     9%          4    None
 Portal Projectile        Tloc           ###...       12%         3    None
 Spectral Weapon          Hex/Chrm       ###.....     12%         3    None
 Summon Scorpions         Summ/Pois      ###.....     19%         4    None
 Ice Form                 Ice/Tmut       ###.....     21%         4    None
 Airstrike                Air            ###.......   38%         4    None
 Passage of Golubria      Tloc           N/A          75%         5    None
 Spellforged Servitor     Conj/Summ      #####.....   89%         7    None
 Freezing Cloud           Ice/Air        ###.......   97%         6    None
 Infestation              Hex/Tmut/Pois  ###......    98%         6    None
 Malign Gateway           Summ/Tloc      ###.......   100%        7    None


Dungeon Overview and Level Annotations

Branches:
Dungeon (9/12)             Temple (1/1) D:7            Lair (3/6) D:8
 Shoals (0/3) Lair:2        Snake (0/3) Lair:3          Orc (0/1) D:9

Altars:
Ashenzari
Cheibriados
Dithmenos
Elyvilon
Fedhas
Gozag
Hepliaklqana
Kikubaaqudgha
Lugonu
Makhleb
Nemelex Xobeh
Okawaru
Qazlal
Ru
Sif Muna
Trog
Uskayaw
Vehumet
Wu Jian
Xom
Yredelemnul
Zin
The Shining One

Shops:
D:7 *

Annotations:
D:6 1 runed translucent door, dscm's ghost, novice OpAc
Lair:1 exclusion: oklob plant
Lair:3 Fannar


Innate Abilities, Weirdness & Mutations

Your spells do not cause hunger and MP costs are reduced by 1.
Your bright wings attract enemies. (Stealth-)
You cannot fit into any form of body armour.
Your shimmering scales are hard and can block incoming attacks. (AC +7, SH +7)
You are small and have problems with some larger weapons.
You can fly continuously.


Message History

The ice beast is almost dead.
You are engulfed in freezing vapours.
The searing ray hits the ice beast!
You kill the ice beast!
The searing ray hits Fannar!!
Fannar is moderately wounded.
You are engulfed in freezing vapours.
Fannar is engulfed in freezing vapours.
Fannar mumbles some strange words.
The searing ray misses Fannar.
You are engulfed in freezing vapours.
* * * LOW HITPOINT WARNING * * *
Fannar is engulfed in freezing vapours.
The searing ray hits Fannar!!
Fannar is heavily wounded.
The searing ray hits the ice beast!
The ice beast is heavily wounded.
You are engulfed in freezing vapours.
* * * LOW HITPOINT WARNING * * *
Fannar is engulfed in freezing vapours.
Fannar hits you with a +0 quarterstaff of freezing!
You die...

#...P#######.. .
#..###.#..P... .
##.#.#.......#
#..........P.# .
#..P##...#...#...
#..## ##..###.....
.... #P°°........
#.#..#####.#.####.P#
.#......Ye@...#
....P..°#...##
....$........
########..#...#
........ #.#.#..(
#### .#


You could see Fannar and an ice beast.

Vanquished Creatures
  3 hydras
  A two-headed ogre (D:8)
  Pikel (D:7)
  4 black mambas
  4 cane toads
  A komodo dragon (Lair:3)
  3 trolls
  5 hippogriffs
  12 blink frogs
  2 wyverns (Lair:2)
  A wraith (D:7)
  12 yaks
  An acid dragon (Lair:2)
  7 water moccasins
  5 crocodiles
  3 porcupines
  Duvessa (D:5)
  6 orc warriors (D:9)
  3 slaves (D:7)
  2 sky beasts
  An eye of draining (D:9)
  A black bear (D:8)
  2 ogres
  A phantom (D:6)
  11 wolves
  3 centaurs (D:9)
  2 big kobolds
  5 bullfrogs
  3 water moccasin zombies (Ossuary)
  A scorpion (D:7)
  A wyvern skeleton (D:9)
  Dowan (D:5)
  4 wights (D:7)
  4 electric eels
  7 crimson imps
  3 centaur zombies
  2 jellies
  6 orc priests (D:9)
  4 gnoll shamans
  4 hounds
  4 orc wizards
  A centaur skeleton (D:4)
  An iguana (D:6)
  5 worker ants
  A killer bee zombie (D:4)
  A big kobold zombie (Ossuary)
  A hound zombie (D:5)
  A hound skeleton (D:4)
  2 mummies (Ossuary)
  A worker ant zombie (D:6)
  A howler monkey zombie (D:5)
  20 gnolls
  14 adders
  A shadow imp (D:5)
  5 oozes (D:1)
  9 adder zombies (Ossuary)
  2 adder skeletons
  3 worms
  4 dart slugs
  5 leopard geckos
  23 orcs
  2 ball pythons (D:3)
  5 bats
  7 giant cockroaches
  4 goblins
  9 hobgoblins
  8 jackals
  15 kobolds
  3 quokkas
  9 frilled lizards
  3 gnoll zombies (Ossuary)
  7 hobgoblin zombies (Ossuary)
  4 kobold zombies (Ossuary)
  5 orc zombies (Ossuary)
  8 rats
337 creatures vanquished.

Vanquished Creatures (others)
  A mummy (D:8)
  A plant (D:9)
2 creatures vanquished.

Grand Total: 339 creatures vanquished

Notes
Turn   | Place    | Note
-------+----------+-------------------------------------------
     0 | D:1      | funkygono the Fairy Conjurer began the quest for the Orb.
     0 | D:1      | Reached XP level 1. HP: 11/11 MP: 6/6
     1 | D:1      | Found a runed door.
    30 | D:1      | Reached skill level 5 in Conjurations
    78 | D:1      | Reached XP level 2. HP: 17/17 MP: 7/7
    82 | D:1      | Learned a level 2 spell: Searing Ray
   434 | D:1      | Reached XP level 3. HP: 21/21 MP: 7/9
   794 | D:1      | Reached XP level 4. HP: 25/27 MP: 2/10
   859 | D:1      | Learned a level 3 spell: Iskenderun's Mystic Blast
  1384 | D:2      | Found a shimmering altar of Xom.
  1695 | D:3      | Reached XP level 5. HP: 31/31 MP: 12/12
  2415 | D:4      | Reached XP level 6. HP: 36/36 MP: 12/14
  2504 | D:4      | Found an ancient bone altar of Kikubaaqudgha.
  2706 | D:4      | Reached skill level 5 in Spellcasting
  2954 | D:5      | Entered Level 5 of the Dungeon
  3202 | D:5      | Reached XP level 7. HP: 35/41 MP: 13/18
  3579 | D:5      | Noticed Duvessa
  3579 | D:5      | Noticed Dowan
  3587 | D:5      | Killed Dowan
  3589 | D:5      | Killed Duvessa
  4178 | D:6      | Reached XP level 8. HP: 41/46 MP: 17/20
  4303 | D:6      | Got a fine cloak
  4310 | D:6      | Identified the +5 cloak of the Oligarchy {rPois SInv} (You
                  | found it on level 6 of the Dungeon)
  4387 | D:6      | Found a runed translucent door.
  4387 | D:6      | Noticed dscm's ghost (novice OpAc)
  5083 | D:7      | Found a staircase to the Ecumenical Temple.
  5100 | D:7      | Noticed a hippogriff
  5108 | D:7      | Noticed a hippogriff
  5110 | D:7      | Killed a hippogriff
  5110 | D:7      | Reached skill level 5 in Dodging
  5110 | D:7      | Reached skill level 10 in Conjurations
  5110 | D:7      | Reached XP level 9. HP: 52/52 MP: 17/23
  5255 | Temple   | Entered the Ecumenical Temple
  5264 | Temple   | Became a worshipper of Sif Muna the Loreminder
  5820 | D:7      | Reached skill level 1 in Short Blades
  5901 | D:7      | Noticed Pikel
  5914 | D:7      | Killed Pikel
  5914 | D:7      | Reached * piety under Sif Muna
  5914 | D:7      | Reached skill level 10 in Spellcasting
  6025 | D:7      | Found Feughan's Assorted Antiques.
  6399 | D:8      | Reached skill level 1 in Fighting
  6415 | D:8      | Found a sand-covered staircase.
  6426 | Ossuary  | Entered an ossuary
  6447 | Ossuary  | Reached XP level 10. HP: 58/58 MP: 17/26
  6492 | Ossuary  | Reached ** piety under Sif Muna
  6617 | Ossuary  | Received a gift from Sif Muna
  6624 | Ossuary  | Learned a level 1 spell: Sandblast
  6626 | Ossuary  | Learned a level 1 spell: Sting
  6844 | D:8      | Reached skill level 1 in Earth Magic
  6953 | D:8      | Noticed a two-headed ogre
  6982 | D:8      | Killed a two-headed ogre
  6982 | D:8      | Reached skill level 1 in Poison Magic
  7051 | D:8      | Found a staircase to the Lair.
  7645 | D:9      | Reached *** piety under Sif Muna
  7645 | D:9      | Reached XP level 11. HP: 62/63 MP: 26/29
  7735 | D:9      | Identified Sif Muna's Grimoire of Icy Poisoning (Sif Muna
                  | gifted it to you on level 9 of the Dungeon)
  7735 | D:9      | Received a gift from Sif Muna
  7746 | D:9      | Learned a level 2 spell: Throw Frost
  8418 | D:9      | Found a staircase to the Orcish Mines.
  8615 | Lair:1   | Entered Level 1 of the Lair of Beasts
  9079 | Lair:1   | Noticed an oklob plant
  9457 | Lair:1   | Noticed a seven-headed hydra
  9468 | Lair:1   | Killed a seven-headed hydra
  9760 | Lair:1   | Noticed a seven-headed hydra
  9767 | Lair:1   | Killed a seven-headed hydra
  9767 | Lair:1   | Identified Sif Muna's Papyrus of Gliding Conjuration (Sif
                  | Muna gifted it to you on level 1 of the Lair of Beasts)
  9767 | Lair:1   | Received a gift from Sif Muna
 10198 | Lair:1   | Learned a level 5 spell: Venom Bolt
 10205 | Lair:1   | Learned a level 6 spell: Bolt of Fire
 10269 | Lair:2   | Found a gate leading to a gauntlet.
 10340 | Lair:2   | Reached skill level 1 in Ice Magic
 10393 | Lair:2   | Noticed a seven-headed hydra
 10400 | Lair:2   | Killed a seven-headed hydra
 10400 | Lair:2   | Reached XP level 12. HP: 62/70 MP: 27/31
 10420 | Gauntlet | Entered a Gauntlet
 10420 | Gauntlet | Found a transporter.
 10420 | Gauntlet | Found a transporter.
 10425 | Gauntlet | Found a transporter.
 10429 | Gauntlet | Found a transporter.
 10430 | Gauntlet | Found a transporter.
 10431 | Gauntlet | Found a transporter.
 10451 | Gauntlet | Noticed a green death
 10452 | Gauntlet | Found a transporter.
 10453 | Gauntlet | Found a transporter.
 10477 | Gauntlet | Found a transporter.
 10477 | Gauntlet | Noticed a soul eater
 10494 | Gauntlet | Found a transporter.
 10774 | Lair:2   | Reached skill level 5 in Earth Magic
 10781 | Lair:2   | Reached skill level 1 in Fire Magic
 11026 | Lair:2   | Found a staircase to the Shoals.
 11199 | Lair:2   | Got a scorched wooden ring
 11201 | Lair:2   | Identified the ring "Dex Hyiv" {*Drain Str+8 Int-2 SInv
                  | Stlth-} (You found it on level 2 of the Lair of Beasts)
 11726 | Lair:3   | Reached **** piety under Sif Muna
 11756 | Lair:3   | Identified Sif Muna's Grimoire of Boosting Dislocation (Sif
                  | Muna gifted it to you on level 3 of the Lair of Beasts)
 11756 | Lair:3   | Received a gift from Sif Muna
 12081 | Lair:3   | Found a staircase to the Snake Pit.
 12251 | Lair:3   | Noticed Fannar
 12261 | Lair:3   | Slain by Fannar

Skill      XL: |  1  2  3  4  5  6  7  8  9 10 11 12 |
---------------+-------------------------------------+-----
Conjurations   | 5 6 7 9 10 11 12 13 14 | 14.1
Spellcasting   | 3 4 6 7 8 10 12 13 14 | 14.4
Dodging        | 3 4 5 6 7 8 9 |  9.1
Stealth        | 2 3 4 |  4.1
Short Blades   | 1 2 |  2.0
Fighting       | 1 2 |  2.1
Earth Magic    | 3 4 5 |  5.0
Poison Magic   | 2 3 |  3.7
Ice Magic      | 1 3 |  3.3
Fire Magic     | 4 |  4.3

Action                   |  1- 3 |  4- 6 |  7- 9 | 10-12 || total
-------------------------+-------+-------+-------+-------++-------
Melee: Dagger            |     1 |       |    10 |    19 ||    30
 Cast: Magic Dart        |    44 |    97 |    96 |    75 ||   312
       Searing Ray       |     5 |    27 |    34 |    58 ||   124
       Iskenderun's Myst |       |       |     7 |    24 ||    31
       Sting             |       |       |       |    93 ||    93
       Sandblast         |       |       |       |    37 ||    37
       Throw Frost       |       |       |       |    50 ||    50
       Venom Bolt        |       |       |       |     4 ||     4
       Bolt of Fire      |       |       |       |    11 ||    11
  Use: Scroll            |     4 |     8 |     8 |     5 ||    25
  Eat: Chunk             |       |     6 |       |    11 ||    17
       Ration            |       |     1 |     2 |     2 ||     5
Armor: Skin              |     2 |     4 |    18 |    57 ||    81
Dodge: Dodged            |    13 |    42 |    57 |   194 ||   306
Block: Other             |     2 |    16 |    25 |   105 ||   148
